 Dungeon Crawl Stone Soup version 0.31.0-12-g77e489cdc1 (webtiles) character file.

Game seed: 7505784326349747473

112 BlackCrag the Trooper (level 4, -5/40 (41) HPs)
             Began as a Minotaur Berserker on Mar 7, 2024.
             Was a Believer of Trog.
             Slain by Crazy Yiuf
             ... wielding a +3 quarterstaff of chaos
              (14 damage)
             ... on level 2 of the Dungeon.
             The game lasted 00:04:48 (1539 turns).

BlackCrag the Trooper (Minotaur Berserker)          Turns: 1539, Time: 00:04:50

HP:   -5/40 (41)    AC:  6    Str: 24    XL:     4   Next: 63%
MP:   0/3           EV:  7    Int:  4    God:    Trog [**....]
Gold: 119           SH: 10    Dex:  9    Spells: 3/3 levels left

rFire   . . .        a - +0 mace
rCold   . . .        b - +0 tower shield
rNeg    . . .        f - +0 scale mail
rPois   .            (helmet restricted)
rElec   .            (no cloak)
rCorr   .            (no gloves)
SInv    .            (no boots)
Will    ++...        (no amulet) Stlth
                     (no ring)
HPRegen 1.26/turn    (no ring)
MPRegen 0.08/turn

%: no passive effects
@: lethally poisoned (-5 -> -7), strong-willed (expiring), on berserk cooldown,
regenerating (expiring), slowed, lightly drained, very slow
A: horns 2, retaliatory headbutt
a: Renounce Religion, Berserk, Trog's Hand


You were on level 2 of the Dungeon.
You worshipped Trog.
Trog was pleased with you.
You visited 1 branch of the dungeon, and saw 2 of its levels.

You collected 119 gold pieces.

Inventory:

Hand Weapons
 a - a +0 mace (weapon)
Armour
 b - a +0 tower shield (worn)
 f - a +0 scale mail (worn)
Scrolls
 c - a scroll of immolation {unknown}
 d - 2 scrolls of identify {unknown}
 e - a scroll of vulnerability {unknown}
 g - a scroll of silence {unknown}
Potions
 h - 2 potions of brilliance {unknown}


   Skills:
 * Level 4.7 Fighting
 * Level 4.5 Maces & Flails
 + Level 3.3 Armour
 + Level 2.5 Dodging
 + Level 1.9 Shields


You had 3 spell levels left.
You didn't know any spells.
Your spell library was empty.

Dungeon Overview and Level Annotations

Branches:
Dungeon (2/15)

Altars:

Shops:
D:2 [=

Annotations:
D:2 Crazy Yiuf


Innate Abilities, Weirdness & Mutations

You have a pair of horns on your head.
You reflexively headbutt those who attack you in melee.


Message History

Crazy Yiuf shouts!
You start waiting.
You recover from your berserk rage.
Your skin crawls.
You feel strong-willed.
A red film seems to cover your vision as you go berserk!
You feel yourself moving faster!
You feel mighty!
The door flies open with a bang!
You feel a strong urge to attack something.
Crazy Yiuf screams, "Ghoul!"
Crazy Yiuf hits you but does no damage.
You are confused.
There is an open translucent door here.
You closely miss Crazy Yiuf. Crazy Yiuf completely misses you.
You closely miss Crazy Yiuf. Your headbutt misses Crazy Yiuf.
Crazy Yiuf hits you with a +3 quarterstaff of chaos.
You feel drained.
You barely miss Crazy Yiuf.
Crazy Yiuf hits you with a +3 quarterstaff of chaos!
You feel your power leaking away.
You're too confused to move!
Crazy Yiuf twirls on the spot.
Crazy Yiuf hits you with a +3 quarterstaff of chaos!
You are poisoned.
You bump into the stone wall.
You feel a strong urge to attack something.
You feel very sick.
You're too confused to move!
You are no longer berserk.
You are exhausted.
You feel yourself slow down.
You feel sick.
Crazy Yiuf hits you with a +3 quarterstaff of chaos!
* * * LOW HITPOINT WARNING * * *
You closely miss Crazy Yiuf.
You feel less confused.
You feel the effects of Trog's Hand fading.
You feel very sick.
Crazy Yiuf says, "Crazy?
Crazy!?
PORCUPINE!"
Crazy Yiuf hits you with a +3 quarterstaff of chaos!
You die...

#.......###
######.....
#.....
#).... #####
### #.....
#)..#
#.#####.....
#...#
#....)..)...
#.g.#
#.#####.....
#@# #.#
#..... ♣.♣♣
#.# #.....
♣♣.♣ #.#
#..... ♣.♣♣
#.# ###.##
♣♣.♣ #)# #.#
♣♣.♣♣ #.#
#.# ♣♣PP.♣
#.### #.##
♣PP♣.♣ #...#
#.#. #....#
###.# #.#.


You could see Crazy Yiuf.

Vanquished Creatures
  4 gnolls (D:2)
  2 adders (D:2)
  5 dart slugs
  4 bats
  An endoplasm (D:1)
  3 giant cockroaches
  6 goblins
  2 hobgoblins (D:2)
  A quokka (D:1)
  4 ball pythons (D:1)
  4 frilled lizards
  9 kobolds
  5 rats
50 creatures vanquished.

Notes
Turn   | Place    | Note
-------+----------+-------------------------------------------
     0 | D:1      | BlackCrag the Minotaur Berserker began the quest for the
                  | Orb.
     0 | D:1      | Reached XP level 1. HP: 19/19 MP: 0/0
    94 | D:1      | Reached XP level 2. HP: 20/27 MP: 1/1
   515 | D:1      | Reached skill level 1 in Shields
   615 | D:1      | Reached XP level 3. HP: 33/33 MP: 2/2
   864 | D:2      | Found Feamig's Jewellery Shoppe.
   882 | D:2      | Reached ** piety under Trog
   908 | D:2      | Reached XP level 4. HP: 28/41 MP: 3/3
  1060 | D:2      | Found Finaet's Antique Armour Shoppe.
  1133 | D:2      | Found a faded altar of an unknown god.
  1518 | D:2      | Found a runed translucent door.
  1519 | D:2      | Noticed Crazy Yiuf
  1539 | D:2      | Slain by Crazy Yiuf

Illustrated notes

Levels and vault maps discovered:
D:1:      spicycebolla_arrival_transporter_tutorial, layout_basic
D:2:      layout_rooms, basic_ecumenical_altar, serial_shops, shop,
          nicolae_shop_advertising_works [nicolae_subvault_shop_adworks],
          uniq_crazy_yiuf_cottage

Skill      XL: |  1  2  3 |
---------------+----------+-----
Fighting       | 4 |  4.7
Shields        | 1 |  1.9
Maces & Flails | 4 |  4.5
Armour         | 3 |  3.3
Dodging        | |  2.5

Action                     |  1- 3 |  4- 6 || total
---------------------------+-------+-------++-------
  Melee: Mace              |    68 |    69 ||   137
         Headbutt          |     8 |    14 ||    22
 Invoke: Berserk           |     1 |     2 ||     3
         Trog's Hand       |       |     1 ||     1
 Armour: Ring mail         |    20 |       ||    20
         Animal skin       |     3 |       ||     3
         Scale mail        |    14 |    27 ||    41
  Dodge: Dodged            |    27 |    10 ||    37
  Block: Tower shield      |    29 |    12 ||    41
